 Dungeon Crawl Stone Soup version 0.20.1-1-g8b1a95d (webtiles) character file.

149 Irenicus the Chopper (level 5, 0/46 HPs)
             Began as a Deep Dwarf Monk on Oct 26, 2017.
             Slain by a gnoll (7 damage)
             ... on level 3 of the Dungeon.
             The game lasted 00:04:53 (1633 turns).

Irenicus the Chopper (Deep Dwarf Monk)              Turns: 1633, Time: 00:04:54

Health: 0/46       AC:  3    Str: 14    XL:     5   Next: 9%
Magic:  5/5        EV: 13    Int: 11    God:
Gold:   118        SH:  0    Dex: 16    Spells: 4/4 levels left

rFire    . . .     SeeInvis .   a - +0 hand axe
rCold    . . .     Gourm    .   (no shield)
rNeg     . . .     Faith    .   l - +0 leather armour
rPois    .         Spirit   .   (no helmet)
rElec    .         Reflect  .   (no cloak)
rCorr    .         Harm     .   (no gloves)
MR       .....                  (no boots)
Stlth    ++........             (no amulet)
Regen    0.0/turn               d - ring of wizardry
MPRegen  0.1/turn               (no ring)

@: non-regenerating
A: damage resistance, heal wounds, sense surroundings 1, no regeneration
a: Heal Wounds


You were on level 3 of the Dungeon.
You were hungry.

You visited 1 branch of the dungeon, and saw 3 of its levels.

You collected 118 gold pieces.

Inventory:

Hand Weapons
 a - a +0 hand axe (weapon)
Armour
 b - a +0 robe
 l - a +0 leather armour (worn)
Jewellery
 d - a ring of wizardry (left hand)
Wands
 i - a wand of paralysis (6/24)
 o - a wand of iceblast (9/15)
Scrolls
 e - 7 scrolls of identify {unknown}
 j - a scroll of fog {unknown}
 k - a scroll of fear {unknown}
 m - a scroll of magic mapping {unknown}
 n - a scroll of remove curse {unknown}
 p - a scroll of enchant weapon {unknown}
Potions
 g - a potion of agility
 h - a potion of heal wounds
Comestibles
 c - 3 bread rations
 f - a royal jelly
 q - 3 chunks of flesh


   Skills:
 - Level 2.6 Fighting
 + Level 6.2 Axes
 - Level 3.2 Dodging
 - Level 3.0 Stealth


You had 4 spell levels left.
You didn't know any spells.

Dungeon Overview and Level Annotations

Branches:
Dungeon (3/15)

Altars:
Dithmenos
Fedhas
Ru


Innate Abilities, Weirdness & Mutations

You are resistant to damage.
You can heal yourself by infusing magical energy.
You passively map a small area around you.
You do not regenerate.


Message History

Your leather armour prevents you from hitting the gnoll.
The gnoll is severely wounded.
You hit the gnoll. The gnoll misses you. The gnoll hits you but does no damage.
You hit the gnoll.
The gnoll is almost dead.
You hit the gnoll.
You kill the gnoll!
The gnoll hits you.
* * * LOW HITPOINT WARNING * * *
You hit the gnoll but do no damage.
The gnoll is almost dead.
The gnoll hits you!
* * * LOW HITPOINT WARNING * * *
You closely miss the gnoll.
The gnoll is almost dead.
The gnoll barely misses you.
You completely miss the gnoll.
The gnoll is almost dead.
The gnoll hits you!
You die...

#........##......... *
#........##.........
#........##.##########
#........##.##........
#........##'##........
#........(............
#####................g , *
#########.......g).##.....
#......##.......@..#* #...
, , #..................#
,.. , #...............####
. , #...))†.........# .. ,
#....).########### #.# ,
#................######.#
,,
#####...................#
##...................####
*
#.......................#*


You could see a gnoll.

Vanquished Creatures
  An orc wizard (D:3)
  Ijyb (D:3)
  2 gnolls (D:3)
  2 adders
  4 worms
  4 dart slugs
  2 leopard geckos (D:2)
  4 orcs (D:3)
  2 ball pythons
  5 goblins
  5 hobgoblins
  5 bats
  A frilled lizard (D:1)
  2 kobolds (D:2)
  3 rats (D:3)
43 creatures vanquished.

Notes
Turn   | Place    | Note
-------+----------+-------------------------------------------
     0 | D:1      | Irenicus the Deep Dwarf Monk began the quest for the Orb.
     0 | D:1      | Reached XP level 1. HP: 20/20 MP: 1/1
   360 | D:1      | Reached XP level 2. HP: 13/27 MP: 2/2
   576 | D:2      | Reached skill level 4 in Axes
   596 | D:2      | Found a shadowy altar of Dithmenos.
   648 | D:2      | Found a blossoming altar of Fedhas.
   689 | D:2      | Reached XP level 3. HP: 7/33 MP: 3/3
   761 | D:2      | Found a sacrificial altar of Ru.
  1272 | D:3      | Reached skill level 5 in Axes
  1412 | D:3      | Noticed Ijyb
  1417 | D:3      | Paralysed by Ijyb for 5 turns
  1422 | D:3      | Reached XP level 4. HP: 26/40 MP: 4/4
  1432 | D:3      | Paralysed by Ijyb for 5 turns
  1456 | D:3      | Killed Ijyb
  1536 | D:3      | Reached skill level 6 in Axes
  1628 | D:3      | Reached XP level 5. HP: 13/46 MP: 5/5
  1633 | D:3      | Slain by a gnoll

Skill      XL: |  1  2  3  4 |
---------------+-------------+-----
Axes           | 4 5 6 |  6.2
Stealth        | 3 |  3.0
Fighting       | |  2.6
Dodging        | |  3.2

Action                   |  1- 3 |  4- 6 || total
-------------------------+-------+-------++-------
Melee: Hand axe          |   119 |    65 ||   184
 Abil: Heal Wounds       |       |     1 ||     1
  Use: Potion            |     3 |     3 ||     6
 Stab: Sleeping          |     6 |       ||     6
  Eat: Chunk             |     2 |       ||     2
Armor: Robe              |    19 |     3 ||    22
       Leather armour    |       |     3 ||     3
Dodge: Dodged            |    71 |    41 ||   112
